cohdb
Replays
Latest Replays
All Replays
Popular Replays
Top Player Replays
Match Explorer
How It Works
Community
CoH3 Stats
Reddit
Sign in to upload your games and track your stats! →
Sign in with Steam
Match 45267657
Unlisted
Match 45267657
Overview
Messages
Build Orders
End
Construct Barracks
Engineer Squad
Riflemen Squad
Riflemen Squad
Riflemen Squad
Selects Heavy Weapons
Selects M2HB .50cal Heavy Machine Gun
Infantry Support Center
Construct Medical Station
Construct Motor Pool
M8 Greyhound Armored Car
Grenade Package
M1918 Browning Automatic Rifles
M1 Anti-tank Gun Team
Selects Assault Carriers
Selects Halftrack Strongpoints
M1 Anti-tank Gun Team
M1 Mortar Team
Engineer Squad
Lutze
(502) Bad Gateway
0
0
Comments
sign in to comment!
No comments posted yet!